 Dungeon Crawl Stone Soup version 0.22-a0-223-g0f5d773 (webtiles) character file.

30 4thArraOfDagon the Vexing (level 3, -2/26 HPs)
             Began as an Octopode Arcane Marksman on Feb 18, 2018.
             Slain by a hound (4 damage)
             ... on level 3 of the Dungeon.
             The game lasted 00:02:16 (644 turns).

4thArraOfDagon the Vexing (Octopode Arcane Marksman) Turns: 644, Time: 00:02:17

Health: -2/26      AC:  1    Str: 14    XL:     3   Next: 20%
Magic:  4/4        EV: 13    Int: 16    God:
Gold:   59         SH:  0    Dex: 12    Spells: 3/4 levels left

rFire    . . .     SeeInvis .   e - +0 short sword
rCold    . . .     Gourm    .   (no shield)
rNeg     . . .     Faith    .   (helmet restricted)
rPois    .         Spirit   .   (no amulet)
rElec    .         Reflect  .   (no ring)
rCorr    .         Harm     .   (no ring)
MR       .....                  (no ring)
Stlth    ++........             (no ring)
HPRegen  0.08/turn              (no ring)
MPRegen  0.09/turn              (no ring)
                                (no ring)
                                (no ring)

@: mighty
A: almost no armour, stealthy swim, amphibious, 8 rings, constrict 8, camouflage
1, gelatinous body 1
a: no special abilities


You were on level 3 of the Dungeon.
You were not hungry.

You visited 1 branch of the dungeon, and saw 4 of its levels.

You collected 59 gold pieces.

Inventory:

Hand Weapons
 e - a +0 short sword (weapon)
Missiles
 b - a javelin (quivered)
 c - a throwing net
Scrolls
 d - a scroll of fear {unknown}
 g - a scroll of amnesia {unknown}
 h - a scroll of identify {unknown}
 i - 4 scrolls of enchant armour {unknown}
 j - a scroll of teleportation {unknown}
 k - a scroll of remove curse {unknown}
Comestibles
 a - 3 rations


   Skills:
 + Level 3.0 Fighting
 - Level 2.0 Throwing
 - Level 2.0 Dodging
 - Level 1.0 Spellcasting
 - Level 3.0 Hexes


You had 3 spell levels left.
You knew the following spells:

 Your Spells              Type           Power        Failure   Level  Hunger
a - Corona                Hex            ##.....      7%          1    ##.....


Dungeon Overview and Level Annotations

Branches:
Dungeon (4/15)
 Temple: D:4-7

Altars:
The Shining One


Innate Abilities, Weirdness & Mutations

You cannot wear most types of armour.
You are very stealthy in the water. (Stealth+)
You are amphibious.
You can wear up to eight rings at the same time.
You can use your tentacles to constrict eight enemies at once.
Your skin changes colour to match your surroundings (Stealth+).
Your rubbery body absorbs attacks. (AC +1, EV +1)


Message History

You throw a javelin. The javelin barely misses the hound.
The hound struggles against the net.
The giant cockroach closely misses you.
The hound struggles against the net.
The net rips apart, and the hound comes free!
Unknown command.
Throwing (i - inventory. (/) - cycle)
b - 2 javelins (quivered)
Press: ? - help, Shift-Dir - straight line, f/p - hound
Aim: a hound (moderately wounded)
You throw a javelin. The javelin barely misses the hound.
The giant cockroach bites you.
* * * LOW HITPOINT WARNING * * *
The hound barely misses you. The giant cockroach misses you.
The hound bites you.
* * * LOW HITPOINT WARNING * * *
Unknown command.
Unknown command.
It was a potion of might.
You feel very mighty all of a sudden. The hound bites you.
You die...

##### #...# #.#.####
#.#....# ..####.#
#######....# ..#
#.##.#
####.#####.#######
.........(.....h@#
####.###.#.##.#s##
####'###.#.##...#
##....##.#.####.#
.#....##.#.. ....
.#....##.#.. .....
+#.......#..>.######
..#####..#.##. ..#
#....#


You could see a hound and a giant cockroach.

Vanquished Creatures
  An ooze (D:3)
  A leopard gecko (D:2)
  An orc (D:3)
  A giant cockroach (D:1)
  4 goblins
  2 jackals (D:2)
  A quokka (D:3)
  4 bats
  A frilled lizard (D:3)
  3 kobolds
  3 rats
22 creatures vanquished.

Notes
Turn   | Place    | Note
-------+----------+-------------------------------------------
     0 | D:1      | 4thArraOfDagon the Octopode Arcane Marksman began the quest for the Orb.
     0 | D:1      | Reached XP level 1. HP: 13/13 MP: 2/2
   159 | D:2      | Reached XP level 2. HP: 19/19 MP: 3/3
   288 | D:3      | Found a glowing golden altar of the Shining One.
   424 | D:2      | You fall through a shaft for 2 floors!
   525 | D:3      | Reached XP level 3. HP: 15/26 MP: 4/4
   644 | D:3      | Slain by a hound

Vault maps used:
D:1:      grunt_arrival_crossed_arrows
D:2:      first_ration, minivault_23
D:3:      tso_metal_star

Skill      XL: |  1  2 |
---------------+-------+-----
Fighting       | 2 3 |  3.0
Throwing       | |  2.0
Dodging        | |  2.0
Spellcasting   | |  1.0
Hexes          | |  3.0

Action                   || total
-------------------------++-------
Melee: Unarmed           ||     3
       Constrict         ||    14
       Tentacles         ||     6
       Short sword       ||    40
Throw: Javelin           ||    20
       Throwing net      ||     1
  Use: Potion            ||     1
 Stab: Sleeping          ||     3
Armor: Skin              ||     5
Dodge: Dodged            ||    46

Table legend:
 A = Spawn XP
 B = Non-spawn XP
 C = Spawn XP percentage of total XP
 D = Spawn monster count
 E = Non-spawn monster count
 F = Spawn count percentage of total count
 G = Total turns spent on level
                    A         B        C        D         E        F      G
               +---------+---------+-------+---------+---------+-------+---------
         Total |       0 |      44 |   0.0 |       0 |      22 |   0.0 |   644
               +---------+---------+-------+---------+---------+-------+---------
           D:1 |       0 |       7 |   0.0 |       0 |       4 |   0.0 |   148
           D:2 |       0 |      13 |   0.0 |       0 |       7 |   0.0 |    70
           D:3 |       0 |      24 |   0.0 |       0 |      11 |   0.0 |   413
               +---------+---------+-------+---------+---------+-------+---------
